 Seeded DCSS version 0.28-a0-973-ga7f8b01127 (webtiles) character file.

Game seed: 319261683642729223 (custom seed)

531 croobank the Covered (level 6, -3/52 HPs)
             Began as a Demigod Fighter on Dec 2, 2021.
             Slain by Duvessa (10 damage)
             ... on level 4 of the Dungeon.
             The game lasted 00:22:06 (4400 turns).

croobank the Covered (Demigod Fighter)              Turns: 4400, Time: 00:22:07

Health: -3/52      AC:  7    Str: 17    XL:     6   Next: 73%
Magic:  0/8        EV: 10    Int: 14    God:
Gold:   207        SH:  5    Dex: 17    Spells: 5/5 levels left

rFire   . . .      SeeInvis .   a - +0 rapier
rCold   . . .      Faith    .   c - +0 buckler
rNeg    . . .      Spirit   +   b - +0 scale mail
rPois   .          Reflect  .   (no helmet)
rElec   .          Harm     .   (no cloak)
rCorr   .          Rampage  .   (no gloves)
Will    .....                   (no boots)
Stlth   ..........              n - amulet of guardian spirit
HPRegen 0.17/turn               (no ring)
MPRegen 0.11/turn               (no ring)

@: no status effects
A: high mp 1, forlorn, divine attributes
a: no special abilities


You were on level 4 of the Dungeon.
You visited 1 branch of the dungeon, and saw 4 of its levels.

You collected 207 gold pieces.

Inventory:

Hand Weapons
 a - a +0 rapier (weapon)
 e - a +0 short sword
 i - a +1 vampiric falchion
Missiles
 f - 23 arrows
 g - 150 stones (quivered)
 k - 28 bolts
Armour
 b - a +0 scale mail (worn)
 c - a +0 buckler (worn)
 j - a +0 plate armour
Jewellery
 n - an amulet of guardian spirit (around neck)
Scrolls
 h - a scroll of magic mapping
 m - 2 scrolls of identify
Potions
 l - a potion of ambrosia
 o - a potion of flight


   Skills:
 + Level 3.6 Fighting
 + Level 4.1 Short Blades
 + Level 4.3 Armour
 + Level 1.6 Dodging
 + Level 0.1 Stealth
 + Level 4.0 Shields


You had 5 spell levels left.
You didn't know any spells.
Your spell library contained the following spells:

 Spells                   Type           Power      Damage    Failure   Level
 Apportation              Tloc           0%         N/A       67%         1
 Alistair's Intoxication  Tmut/Pois      0%         N/A       100%        5


Dungeon Overview and Level Annotations

Branches:
Dungeon (4/15)             Temple (0/1) D:4

Shops:
D:3 (

Annotations:
D:4 Dowan, Duvessa


Innate Abilities, Weirdness & Mutations

You have an increased reservoir of magic. (+10% MP)
You shall have no god before yourself.
Your divine heritage dramatically boosts your attributes as you level up.


Message History

Dowan points at something and mumbles some strange words.
Dowan gestures at you while chanting. The puff of frost hits you!
You closely miss Dowan. Dowan hits you with a +0 dagger.
You block Duvessa's attack.
You hit Dowan.
Dowan is lightly wounded.
Duvessa closely misses you. You block Dowan's attack.
You block Duvessa's attack. Dowan casts a spell at you.
You resist with some effort.
Duvessa says, "Where magic fails, the sword succeeds!"
You hit Duvessa but do no damage. Dowan hits you with a +0 dagger.
Duvessa hits you with a +3 short sword.
Duvessa says, "When magic and the sword combine, nothing stands against them."
Duvessa hits you with a +3 short sword.
You puncture Duvessa!
Duvessa is moderately wounded.
Duvessa hits you but does no damage.
You hit Duvessa but do no damage.
Duvessa is moderately wounded.
Duvessa barely misses you. Duvessa hits you with a +3 short sword!
You hit Duvessa.
Duvessa is moderately wounded.
Duvessa hits you with a +3 short sword!
You hit Duvessa.
Duvessa is heavily wounded.
Duvessa closely misses you. Duvessa hits you with a +3 short sword.
* * * LOW HITPOINT WARNING * * *
Okay, then.
Okay, then.
Duvessa hits you but does no damage.
Dowan gestures wildly while chanting.
Dowan blinks!
Duvessa barely misses you. Duvessa hits you with a +3 short sword!
* * * LOW HITPOINT WARNING * * *
You hit Duvessa but do no damage.
Duvessa is heavily wounded.
Duvessa hits you with a +3 short sword!
You die...

#.. #.... ... #..
##.e# # #..e.## ..
#.##..## #..# #.#
#$.#...# #@###....#
#e##...###
##.##.#..#
#.....##.###
##...........
#.e...##..#..
#.........# ..
#....####..# .
#######..#.####....


You could see Duvessa (fast) and Dowan.

Vanquished Creatures
  A wyvern zombie (D:4)
  A scorpion (D:4)
  3 orc priests
  3 jellies (D:2)
  2 iguanas
  2 orc wizards (D:4)
  6 adders
  A worm (D:2)
  2 dart slugs
  5 orcs
  6 bats
  13 endoplasms
  3 giant cockroaches
  4 hobgoblins
  15 kobolds
  4 quokkas
  2 ball pythons
  2 frilled lizards (D:3)
  4 rats
79 creatures vanquished.

Vanquished Creatures (others)
  8 fungi (D:2)
  8 toadstools (D:2)
16 creatures vanquished.

Grand Total: 95 creatures vanquished

Notes
Turn   | Place    | Note
-------+----------+-------------------------------------------
     0 | D:1      | croobank the Demigod Fighter began the quest for the Orb.
     0 | D:1      | Reached XP level 1. HP: 18/18 MP: 3/3
   358 | D:1      | Reached XP level 2. HP: 23/25 MP: 4/4
   860 | D:2      | Reached XP level 3. HP: 21/30 MP: 5/5
  1582 | D:2      | Reached XP level 4. HP: 29/38 MP: 3/6
  2189 | D:3      | Found Ystrisenn's Weapon Shop.
  2251 | D:3      | Reached XP level 5. HP: 33/45 MP: 7/7
  2730 | D:3      | Reached skill level 1 in Dodging
  3289 | D:4      | Reached XP level 6. HP: 51/51 MP: 6/8
  3368 | D:4      | Found a staircase to the Ecumenical Temple.
  4379 | D:4      | Noticed Dowan
  4379 | D:4      | Noticed Duvessa
  4400 | D:4      | Slain by Duvessa

Illustrated notes

Levels and vault maps discovered:
D:1:      kennysheep_arrival_seaside, layout_rooms,
          ebering_ecumenical_altar_petrified, minmay_split_cup_large
D:2:      cheibrodos_fertilizer, layout_basic
D:3:      layout_loops_cross, serial_shops, shop_fountains
D:4:      gammafunk_cloud_chamber, layout_rooms,
          nicolae_overflow_hallway_of_the_gods, minmay_temple_entry_mini_moons,
          grunt_ministairs_9, uniq_duvessa

Skill      XL: |  1  2  3  4  5  6 |
---------------+-------------------+-----
Short Blades   | 2 3 4 |  4.1
Armour         | 3 4 |  4.3
Fighting       | 3 |  3.6
Shields        | 3 4 |  4.0
Dodging        | 1 |  1.6
Stealth        | |  0.1

Action                   |  1- 3 |  4- 6 || total
-------------------------+-------+-------++-------
Melee: Rapier            |   112 |   227 ||   339
  Use: Potion            |     5 |     6 ||    11
       Scroll            |     3 |     1 ||     4
Armor: Scale mail        |    49 |    78 ||   127
Dodge: Dodged            |    43 |   101 ||   144
Block: Buckler           |    27 |    77 ||   104

Table legend: (Time is in decaauts)
 A = Elapsed time spent in this place.
 B = Non-inter-level travel time spent in this place.
 C = Inter-level travel time spent in this place.
 D = Time resting spent in this place.
 E = Time spent auto-exploring this place.
 F = Levels seen in this place.
 G = Mean time per level.
                   A        B        C        D        E       F      G
               +--------+--------+--------+--------+--------+-----+--------+
         Total |   4449 |   4363 |     86 |   1817 |   1567 |   4 | 1112.2 |
       Dungeon |   4449 |   4363 |     86 |   1817 |   1567 |   4 | 1112.2 |
               +--------+--------+--------+--------+--------+-----+--------+

Top non-repeatable levels by time:
     D:3: 1857 daAuts
     D:2: 1565 daAuts
     D:1: 606 daAuts
     D:4: 420 daAuts
